 Dungeon Crawl Stone Soup version 0.28.0-53-g5a82cb258f (webtiles) character file.

Game seed: 11787304885182581504

35747 mortz the Placeless Demigod (level 13, -4/86 HPs)
             Began as a Demigod Conjurer on June 3, 2022.
             Succumbed to a death drake's dark miasma
             ... on level 6 of the Lair of Beasts on June 4, 2022.
             The game lasted 02:24:10 (24612 turns).

mortz the Placeless Demigod (Demigod Conjurer)     Turns: 24612, Time: 02:24:11

Health: -4/86      AC: 11    Str: 15    XL:     13   Next: 18%
Magic:  9/38       EV: 14    Int: 32    God:
Gold:   1013       SH:  3    Dex: 12    Spells: 15/28 levels left

rFire   . . .      SeeInvis +   M - +8 spear of Taxation {drain, Fragile +Blink rPois SInv, polearm}
rCold   . . .      Faith    .   H - +0 buckler
rNeg    . . .      Spirit   .   m - +0 troll leather armour
rPois   +          Reflect  .   i - +2 helmet
rElec   .          Harm     .   V - scarf {+Inv}
rCorr   .          Rampage  .   e - +1 pair of gloves {Str+3}
Will    +....                   c - +1 pair of boots
Stlth   ++++......              h - amulet of regeneration {@e2}
HPRegen 1.84/turn               Z - ring of magical power
MPRegen 0.26/turn               L - ring of wizardry

@: lethally poisoned (-4 -> -39), slowed, very slow
A: high MP 1, forlorn, divine attributes
a: Evoke Blink, Evoke Invisibility


You were on level 6 of the Lair of Beasts.
You visited 2 branches of the dungeon, and saw 16 of its levels.

You collected 1013 gold pieces.


Innate Abilities, Weirdness & Mutations

You have an increased reservoir of magic. (+10% MP)
You shall have no god before yourself.
Your divine heritage dramatically boosts your attributes as you level up.


   Skills:
 + Level 9.2 Dodging
 + Level 9.9 Stealth
 + Level 8.3 Spellcasting
 + Level 9.9 Conjurations
 + Level 10.0 Translocations
 + Level 7.3 Evocations


You had 15 spell levels left.
You knew the following spells:

 Your Spells              Type           Power      Damage    Failure   Level
a - Magic Dart            Conj           100%       1d8       1%          1
b - Searing Ray           Conj           100%       2d8       1%          2
c - Iskenderun's Mystic   Conj/Tloc      67%        2d14      1%          4
d - Blink                 Tloc           100%       N/A       1%          2
e - Fulminant Prism       Conj/Hex       22%        3d13      3%          4

Your spell library contained the following spells:

 Spells                   Type           Power      Damage    Failure   Level
 Dazzling Flash           Conj/Hex       90%        N/A       1%          3
 Portal Projectile        Hex/Tloc       90%        N/A       1%          3
 Manifold Assault         Tloc           67%        N/A       1%          5
 Sublimation of Blood     Necr           13%        N/A       4%          2
 Call Canine Familiar     Summ           13%        N/A       8%          3
 Irradiate                Conj/Tmut      22%        3d20      9%          5
 Leda's Liquefaction      Hex/Erth       6%         N/A       24%         4
 Petrify                  Tmut/Erth      13%        N/A       24%         4
 Storm Form               Tmut/Air       6%         N/A       100%        7

Inventory:

Hand Weapons
 a - the +2 great sword "Xewnoah" {holy, *Noise Drain rF+++ rC+++, long}
   (You found it on level 5 of the Lair of Beasts)

   It has been blessed by the Shining One to cause great damage to the undead
   and demons.
   rF:        It renders you almost immune to fire.
   rC:        It renders you almost immune to cold.
   *Noise:    It may make noises in combat.
   Drain:     It drains your maximum health when unequipped.
 M - the +8 spear of Taxation (weapon) {drain, Fragile +Blink rPois SInv, polearm}
   (You found it on level 6 of the Dungeon)

   A truly terrible weapon, it drains the life of any living foe it strikes.
   rPois:     It protects you from poison.
   SInv:      It lets you see invisible.
   +Blink:    It lets you blink.
   Fragile:   It will be destroyed if unequipped.
 O - a +4 war axe {axe}
   (You took it off a wight on level 7 of the Dungeon)
 Y - the +2 short sword of the Firefly {holy, Drain Int+5, short}
   (You found it on level 9 of the Dungeon)

   It has been blessed by the Shining One to cause great damage to the undead
   and demons.
   Int:       It affects your intelligence (+5).
   Drain:     It drains your maximum health when unequipped.
Missiles
 p - 5 silver javelins {throwing}
Armour
 c - a +1 pair of boots (worn)
   (You found it on level 1 of the Dungeon)
 e - a +1 pair of gloves of strength (worn)
   (You acquired it on level 10 of the Dungeon)
 i - a +2 helmet (worn)
   (You found it on level 2 of the Dungeon)
 m - a +0 troll leather armour (worn)
   (You found it on level 10 of the Dungeon)
 u - a +2 robe of willpower
   (You took it off Jessica on level 3 of the Dungeon)
 H - a +0 buckler (worn)
   (You found it on level 10 of the Dungeon)
 N - the +0 robe of the Monkey's Uncle {rPois rC+}
   (You found it on level 4 of the Lair of Beasts)

   rC:        It protects you from cold.
   rPois:     It protects you from poison.
 S - the +4 ring mail "Zuziurri" {Str+4}
   (You found it on level 8 of the Dungeon)

   Str:       It affects your strength (+4).
 V - a scarf of invisibility (worn)
   (You found it on level 9 of the Dungeon)
Jewellery
 h - an amulet of regeneration (around neck) {@e2}
   (You found it on level 1 of the Dungeon)
 j - a +4 ring of protection
   (You found it on level 2 of the Dungeon)
 D - a ring of see invisible
   (You found it on level 5 of the Dungeon)
 L - a ring of wizardry (right hand)
   (You took it off a kobold on level 6 of the Dungeon)
 W - a +6 ring of intelligence
   (You found it on level 9 of the Dungeon)
 Z - a ring of magical power (left hand)
   (You found it on level 9 of the Dungeon)
Wands
 q - a wand of paralysis (19)
   (You took it off Ijyb on level 3 of the Dungeon)
 F - a wand of charming (4)
   (You found it on level 5 of the Dungeon)
 G - a wand of polymorph (7)
   (You found it on level 6 of the Lair of Beasts)
 I - a wand of iceblast (8)
   (You found it on level 6 of the Dungeon)
 K - a wand of acid (8)
   (You found it on level 6 of the Dungeon)
 R - a wand of digging (4)
   (You found it on level 8 of the Dungeon)
 T - a wand of flame (3)
   (You found it on level 8 of the Dungeon)
Scrolls
 b - 5 scrolls of identify {@r1}
 f - a scroll of enchant armour
 k - 3 scrolls of blinking {!r}
 l - 2 scrolls of fear
 r - 3 scrolls of vulnerability {!r!r}
 s - a scroll of magic mapping {!r}
 v - a scroll of amnesia
 y - 3 scrolls of teleportation {@r4}
 E - 3 scrolls of fog
 P - a scroll of enchant weapon
 U - a scroll of brand weapon
 X - 2 scrolls of summoning
Potions
 d - 12 potions of curing {@q1}
 g - 2 potions of ambrosia
 n - 2 potions of invisibility
 o - a potion of haste {@q3}
 t - a potion of brilliance
 w - a potion of mutation {!q}
 x - 2 potions of attraction {!q}
 z - 4 potions of heal wounds {@q2}
 A - a potion of resistance
 B - 3 potions of flight
 C - 6 potions of lignification {!q}
 Q - 6 potions of might
Miscellaneous
 J - a lightning rod (4/4)
   (You found it on level 6 of the Lair of Beasts)

Dungeon Overview and Level Annotations

Branches:
Dungeon (10/15)            Temple (0/1) D:4            Lair (6/6) D:10
 Shoals (0/4) Lair:3        Snake (0/4) Lair:3        Slime (0/5) Lair:6
    Orc (0/2) D:9

Shops:
D:1 :(   D:2 !   D:4 !

Portals:
Trove: D:10 (give +3 gold dragon scales)

Annotations:
D:6 2 transporters

#....#..........
###.#.P##.###.#...
#.#...##..#P......
##....#.........P#
#..............##
##..##P........##.
#P..#####.........
#.....# #.........
#@...#####P.......
##..##.P##.........
#P..PP..........#[.
##....P.#.#.......[.
###PP.....#.####......
#......P...#####......
##.....P..#...........P
#P.....#.........P.....
#...P.#.#.......P......


There were no monsters in sight!


Message History

😮 MP[+1] 😮 MP[+1] 😮 MP[+1]
You start resting.
A komodo dragon is nearby! 😮 MP[+5]
You regained 5 mp, and now have 34/38 mp.
Casting: Iskenderun's Mystic Blast (safe; 1% risk of failure)
Confirm with . or Enter, or press ? or * to list all spells.
You erupt in a blast of force!
The mystic blast hits the komodo dragon.
The komodo dragon hisses angrily.
You hear a loud, deep croak!
You hear a deafening roar! 😮 MP[-4]
You lost 4 mp, and now have 30/38 mp.
Casting: Iskenderun's Mystic Blast (safe; 1% risk of failure)
Confirm with . or Enter, or press ? or * to list all spells.
You erupt in a blast of force!
The mystic blast hits the komodo dragon!
The komodo dragon is knocked back by the mystic blast.
You hear a roar!
The komodo dragon changes into a death drake!
You hear a croak. 😮 MP[-4]
You lost 4 mp, and now have 26/38 mp.
Casting: Iskenderun's Mystic Blast (safe; 1% risk of failure)
Confirm with . or Enter, or press ? or * to list all spells.
Aiming: Searing Ray (safe; 1% risk of failure)
Press: ? - help, Shift-Dir - straight line, f - death drake
Aim: a death drake shaped shifter (74% to hit)
The searing ray hits the death drake but does no damage. (Press . to maintain the ray.) 😮 MP[-1]
You lost 1 mp, and now have 25/38 mp.
The searing ray misses the death drake. 😮 MP[-1]
You lost 1 mp, and now have 24/38 mp.
The searing ray hits the death drake!
You feel your health improve. The death drake breathes miasma at you.
The foul vapour engulfs you!
You are poisoned. 😮 HP[-9] MP[-1]
You take 9 damage, and now have 55/86 hp.
You lost 1 mp, and now have 23/38 mp.
Casting: Searing Ray (safe; 1% risk of failure)
Confirm with . or Enter, or press ? or * to list all spells.
You erupt in a blast of force!
The mystic blast hits the chaos spawn!
The chaos spawn is knocked back by the mystic blast.
The chaos spawn slams into the tree!
The mystic blast hits the death drake!
The death drake is knocked back by the mystic blast.
You are engulfed in dark miasma.
You feel very sick. 😮 HP[-10] MP[-4]
You take 10 damage, and now have 45/86 hp.
You lost 4 mp, and now have 19/38 mp.
Casting: Iskenderun's Mystic Blast (safe; 1% risk of failure)
Confirm with . or Enter, or press ? or * to list all spells.
You erupt in a blast of force!
The mystic blast hits the chaos spawn!
The chaos spawn is knocked back by the mystic blast.
You feel very sick. 😨 HP[-2] MP[-3]
You take 2 damage, and now have 43/86 hp.
You lost 3 mp, and now have 16/38 mp.
Casting: Iskenderun's Mystic Blast (safe; 1% risk of failure)
Confirm with . or Enter, or press ? or * to list all spells.
You erupt in a blast of force!
The mystic blast hits the death drake!
The mystic blast hits the chaos spawn!
The chaos spawn is knocked back by the mystic blast.
The chaos spawn slams into the tree!
You feel very sick.
You hear a roar!
The death drake breathes miasma at you. The foul vapour engulfs you.
You feel yourself slow down.
* * * LOW HITPOINT WARNING * * *
😨 HP[-7] MP[-4]
You take 7 damage, and now have 36/86 hp.
You lost 4 mp, and now have 12/38 mp.
As you read the scroll of teleportation {@r4}, it crumbles to dust.
You feel strangely unstable.
You are engulfed in dark miasma.
You are more poisoned.
* * * LOW HITPOINT WARNING * * *
x2 You feel extremely sick.
The death drake bites you but does no damage. 😱 HP[-19]
You take 19 damage, and now have 17/86 hp.
MASSIVE DAMAGE!! (PAUSE)
Casting: Iskenderun's Mystic Blast (safe; 1% risk of failure)
Confirm with . or Enter, or press ? or * to list all spells.
You erupt in a blast of force!
The mystic blast hits the death drake!!
The mystic blast hits the chaos spawn!
You kill the chaos spawn!
The chaos spawn degenerates into a cloud of primal chaos!
You are engulfed in dark miasma.
You are lethally poisoned!
* * * LOW HITPOINT WARNING * * *
Your surroundings suddenly seem different.
You die...

Skill      XL: |  1  2  3  4  5  6  7  8  9 10 11 12 13 |
---------------+----------------------------------------+-----
Stealth        | 2 3 4 5 6 7 8 9 |  9.9
Dodging        | 2 3 4 5 6 8 9 |  9.2
Spellcasting   | 2 3 4 5 6 7 8 |  8.3
Translocations | 1 2 3 4 6 7 8 9 10 | 10.0
Conjurations   | 4 5 6 7 8 9 |  9.9
Evocations     | 2 4 5 7 |  7.3

Action                   |  1- 3 |  4- 6 |  7- 9 | 10-12 | 13-15 || total
-------------------------+-------+-------+-------+-------+-------++-------
Melee: Dagger            |    10 |     2 |    21 |       |       ||    33
       Spear             |       |       |     8 |    89 |     1 ||    98
 Cast: Magic Dart        |    48 |    43 |   113 |   170 |    54 ||   428
       Searing Ray       |    11 |    33 |    78 |   129 |    31 ||   282
       Iskenderun's Myst |       |       |    29 |   214 |    31 ||   274
       Fulminant Prism   |       |       |       |    13 |       ||    13
Evoke: Wand              |       |       |     2 |    10 |       ||    12
  Use: Scroll            |     2 |     1 |     7 |    17 |     1 ||    28
Armor: Robe              |     6 |     2 |    54 |     6 |       ||    68
       Troll leather arm |       |       |       |    72 |    12 ||    84
Dodge: Dodged            |     1 |     6 |   104 |   160 |    18 ||   289
Block: Buckler           |       |       |       |    12 |     6 ||    18

Levels and vault maps discovered:
D:1:      dpeg_arrival_stone_temple_mockup, layout_basic,
          shapermc_ecumenical_altar_mp_vishouse, serial_shops,
          nicolae_shop_trees, nicolae_lakefront_shop
D:2:      layout_rooms, serial_shops, shop
D:3:      layout_loops_ring, uniq_jessica, uniq_terence, uniq_ijyb
D:4:      layout_basic, minmay_temple_entry_butterflies, serial_shops,
          nicolae_shop_statue_plus, uniq_natasha
D:5:      layout_basic
D:6:      gammafunk_cloud_chamber, layout_cave_pools, serial_glass,
          glass_columns_a, glass_columns_a, uniq_grinder, uniq_duvessa
D:7:      layout_basic, serial_bayou_pond_e, ebering_dispersal_statue_hall,
          st_stairs_8, serial_bayou_lagoon_b
D:8:      layout_layer_cave, mainiacjoe_overflow_swirl
D:9:      layout_basic, orc_0_dummy, nicolae_figureground_pulse
D:10:     minmay_curly_fans, layout_rooms, dpeg_oklobed_lair, enter_trove_1
Lair:1:   layout_long_grid, grunt_megastairs_2, lemuel_fruit_tree, uniq_erica
Lair:2:   layout_hall_layers, serial_bayou_shore_a, infiniplex_staircase_pool_2
Lair:3:   layout_concentric_octagons, minmay_shoals_entry_hut,
          minmay_snake_entry_guardpost_small
Lair:4:   layout_concentric_octagons, chequers_serial_rivers_micro_e, uniq_snorg
Lair:5:   layout_misc_corridors, basic_altar
Lair:6:   hellmonk_lair_end_abyssal_woods, layout_loops_ring, slime_dummy

Notes
Turn   | Place    | Note
-------+----------+-------------------------------------------
     0 | D:1      | mortz the Demigod Conjurer began the quest for the Orb.
     0 | D:1      | Reached XP level 1. HP: 14/14 MP: 5/5
     0 | D:1      | magus.rc [v1.9.6]
   254 | D:1      | Reached skill level 2 in Stealth
   367 | D:1      | Reached XP level 2. HP: 20/20 MP: 5/7
   370 | D:1      | Learned a level 2 spell: Searing Ray
   429 | D:1      | Reached skill level 2 in Dodging
   641 | D:1      | Reached skill level 2 in Spellcasting
   901 | D:1      | Found Lagar's Antique Weapon Boutique.
  1029 | D:1      | Found Japtise's Book Boutique.
  1466 | D:2      | Found Ruagak's Distillery.
  1757 | D:2      | Reached skill level 1 in Translocations
  1757 | D:2      | Reached XP level 3. HP: 26/26 MP: 4/8
  2086 | D:2      | magus.rc [v1.9.6]
  2183 | D:3      | Noticed Terence
  2200 | D:3      | HP: 4/26 [something (4)]
  2203 | D:3      | Killed Terence
  2204 | D:3      | Reached skill level 4 in Conjurations
  2204 | D:3      | Reached XP level 4. HP: 7/33 MP: 1/10
  2375 | D:3      | Noticed Ijyb
  2375 | D:3      | Paralysed by Ijyb for 4 turns
  2383 | D:3      | Killed Ijyb
  2621 | D:3      | Noticed Jessica
  2625 | D:3      | Killed Jessica
  2626 | D:3      | Reached XP level 5. HP: 38/38 MP: 5/11
  3249 | D:4      | Reached skill level 3 in Stealth
  3296 | D:4      | Reached skill level 2 in Translocations
  3460 | D:4      | Found a staircase to the Ecumenical Temple.
  3544 | D:4      | Noticed Natasha
  3547 | D:4      | Killed Natasha
  3548 | D:4      | Reached skill level 3 in Dodging
  3784 | D:4      | Reached XP level 6. HP: 45/45 MP: 10/13
  3789 | D:4      | Learned a level 4 spell: Iskenderun's Mystic Blast
  3891 | D:4      | Found Saepu's Distillery.
  3930 | D:4      | Noticed Natasha
  3934 | D:4      | Killed Natasha
  4187 | D:5      | Entered Level 5 of the Dungeon
  4281 | D:5      | Reached skill level 3 in Spellcasting
  4447 | D:5      | Reached skill level 3 in Translocations
  4713 | D:5      | Reached XP level 7. HP: 50/50 MP: 5/15
  4977 | D:5      | Reached skill level 4 in Stealth
  5223 | D:5      | Reached skill level 5 in Conjurations
  5624 | D:6      | Reached skill level 4 in Translocations
  5763 | D:6      | Noticed Duvessa
  5770 | D:6      | Found a transporter.
  5786 | D:6      | Reached skill level 4 in Dodging
  5978 | D:6      | Noticed Grinder
  5978 | D:6      | Noticed Dowan
  6106 | D:5      | Paralysed by Grinder for 7 turns
  6114 | D:5      | Killed Grinder
  6115 | D:5      | Reached XP level 8. HP: 31/57 MP: 0/17
  6265 | D:6      | Reached skill level 4 in Spellcasting
  6395 | D:6      | Killed Dowan
  6472 | D:6      | Reached skill level 5 in Translocations
  6721 | D:5      | Your ally Duvessa died
  7063 | D:6      | Reached skill level 5 in Stealth
  7485 | D:6      | Found a transporter.
  7511 | D:6      | Identified the +8 spear of Taxation {drain, Fragile +Blink
                  | rPois SInv}
  7957 | D:7      | You add the spells Blink, Manifold Assault and Storm Form
                  | to your library.
  8595 | D:7      | Reached skill level 6 in Translocations
  8659 | D:7      | Reached skill level 5 in Dodging
  8659 | D:7      | Reached skill level 6 in Conjurations
  8659 | D:7      | Reached XP level 9. HP: 62/62 MP: 11/19
  9091 | D:8      | Identified the +4 ring mail "Zuziurri" {Str+4}
  9647 | D:8      | Reached skill level 5 in Spellcasting
  9647 | D:8      | Reached skill level 1 in Evocations
  9765 | D:8      | Reached skill level 6 in Stealth
 10993 | D:8      | Noticed a two-headed ogre
 11000 | D:8      | Killed a two-headed ogre
 11001 | D:8      | Reached skill level 7 in Translocations
 11001 | D:8      | Reached skill level 2 in Evocations
 11301 | D:9      | Found a staircase to the Orcish Mines.
 11414 | D:9      | magus.rc [v1.9.6]
 11558 | D:9      | magus.rc [v1.9.6]
 11561 | D:9      | Learned a level 2 spell: Blink
 11829 | D:9      | Identified the +2 short sword of the Firefly {holy, Drain
                  | Int+5}
 11971 | D:9      | Reached XP level 10. HP: 69/69 MP: 21/21
 12227 | D:9      | Reached skill level 6 in Dodging
 12607 | D:10     | Entered Level 10 of the Dungeon
 12663 | D:10     | Found a staircase to the Lair.
 12663 | D:10     | Noticed an oklob plant
 12667 | D:10     | Noticed an oklob plant
 12675 | D:10     | Learned a level 4 spell: Fulminant Prism
 12695 | D:10     | Noticed a manticore
 12696 | D:10     | Noticed a centaur warrior
 12721 | D:10     | Killed a centaur warrior
 12964 | D:10     | Noticed a manticore
 12976 | D:10     | Killed a manticore
 12977 | D:10     | Reached skill level 7 in Conjurations
 12977 | D:10     | Reached skill level 3 in Evocations
 13190 | D:10     | Noticed a two-headed ogre
 13200 | D:10     | Killed a two-headed ogre
 13378 | D:10     | Noticed a catoblepas
 13433 | D:10     | HP: 17/69 [catoblepas (8)]
 13434 | D:10     | Killed a catoblepas
 13435 | D:10     | Reached skill level 7 in Stealth
 13435 | D:10     | Reached skill level 6 in Spellcasting
 13597 | D:10     | Found a portal to a secret trove of treasure.
 13605 | D:10     | This trove needs +3 gold dragon scales to function. Give it
                  | the item?
 13790 | D:10     | Killed an oklob plant
 13888 | D:10     | Killed an oklob plant
 14024 | D:10     | Identified a scroll of acquirement
 14024 | D:10     | Acquired a +1 pair of gloves of strength
 14160 | Lair:1   | Entered Level 1 of the Lair of Beasts
 14303 | Lair:1   | Reached skill level 4 in Evocations
 14466 | Lair:1   | Noticed Erica
 14721 | Lair:1   | Killed Erica
 14722 | Lair:1   | Reached XP level 11. HP: 74/74 MP: 16/24
 14859 | Lair:1   | Reached skill level 7 in Dodging
 15255 | Lair:2   | Noticed a catoblepas
 15257 | Lair:2   | Reached skill level 8 in Translocations
 15875 | Lair:2   | Reached skill level 8 in Conjurations
 15897 | Lair:2   | Noticed a seven-headed hydra
 16010 | Lair:2   | Killed a seven-headed hydra
 16245 | Lair:2   | Reached skill level 8 in Stealth
 16255 | Lair:2   | Reached skill level 5 in Evocations
 16420 | Lair:2   | Killed a catoblepas
 16927 | Lair:2   | Reached skill level 7 in Spellcasting
 17514 | Lair:3   | Found a staircase to the Shoals.
 17627 | Lair:3   | magus.rc [v1.9.6]
 17951 | Lair:3   | Found a staircase to the Snake Pit.
 17958 | Lair:3   | Reached skill level 8 in Dodging
 17991 | Lair:3   | magus.rc [v1.9.6]
 18240 | Lair:3   | Reached XP level 12. HP: 81/81 MP: 10/27
 18562 | Lair:3   | You pick up a book of the Hunter and begin reading...
 18562 | Lair:3   | You add the spells Call Canine Familiar, Portal Projectile
                  | and Leda's Liquefaction to your library.
 18723 | Lair:3   | Reached skill level 9 in Translocations
 18953 | Lair:4   | Reached skill level 6 in Evocations
 19346 | Lair:4   | Reached skill level 9 in Stealth
 19628 | Lair:4   | Reached skill level 9 in Conjurations
 20363 | Lair:4   | Identified the +0 robe of the Monkey's Uncle {rPois rC+}
 20734 | Lair:4   | Noticed Snorg
 20744 | Lair:4   | Killed Snorg
 21509 | Lair:5   | Noticed an eight-headed hydra
 21520 | Lair:5   | Killed an eight-headed hydra
 21776 | Lair:5   | You pick up a book of Alchemy and begin reading...
 21776 | Lair:5   | You add the spells Sublimation of Blood, Petrify and
                  | Irradiate to your library.
 21801 | Lair:5   | Reached skill level 8 in Spellcasting
 21904 | Lair:5   | Identified the +2 great sword "Xewnoah" {holy, *Noise Drain
                  | rF+++ rC+++}
 21916 | Lair:5   | magus.rc [v1.9.6]
 22309 | Lair:5   | You fall into a shaft and drop 1 floor!
 22309 | Lair:6   | Entered Level 6 of the Lair of Beasts
 22416 | Lair:6   | Reached skill level 7 in Evocations
 22510 | Lair:6   | Found a staircase to the Slime Pits.
 22515 | Lair:6   | Noticed a boulder beetle
 22587 | Lair:6   | Killed a boulder beetle
 23039 | Lair:6   | Noticed a boulder beetle
 23083 | Lair:6   | Killed a boulder beetle
 23084 | Lair:6   | Reached skill level 9 in Dodging
 23239 | Lair:6   | Reached XP level 13. HP: 86/86 MP: 23/29
 24182 | Lair:6   | Reached skill level 10 in Translocations
 24611 | Lair:6   | HP: 17/86 [poisoned by a death drake (dark miasma)]
 24612 | Lair:6   | Succumbed to a death drake's dark miasma

Vanquished Creatures
  Snorg (Lair:4)
  2 hydras
  2 boulder beetles (Lair:6)
  A centaur warrior (D:10)
  2 catoblepae
  Erica (Lair:1)
  2 two-headed ogres
  A sea snake (shapeshifter) (Lair:6)
  A manticore (D:10)
  2 oklob plants (D:10)
  An ugly thing (Lair:6)
  7 elephants
  3 black mambas
  A smoke demon (Lair:6)
  2 rime drakes
  10 cane toads
  7 komodo dragons
  An efreet (D:10)
  An ancient zyme (Lair:6)
  A troll (D:10)
  2 polar bears
  A hornet (D:8)
  24 blink frogs
  Grinder (D:5)
  A snapping turtle (Lair:3)
  2 ynoxinuls (Lair:6)
  A wraith (D:10)
  26 yaks
  2 wyverns
  3 basilisks (Lair:6)
  2 chaos spawn (Lair:6)
  4 nagas (Lair:3)
  15 water moccasins
  Duvessa (D:5)
  A sky beast (D:8)
  2 orc warriors
  A black bear (Lair:1)
  2 ice beasts
  2 necrophages (D:7)
  2 ogres
  16 wolves
  3 centaurs
  5 kobold brigands
  11 small abominations (Lair:6)
  10 bullfrogs
  2 gnoll sergeants
  A water moccasin zombie (D:5)
  2 scorpions
  Dowan (D:6)
  A wight (D:7)
  4 electric eels
  3 howler monkeys (D:9)
  A hound (D:7)
  2 centaur zombies (D:5)
  2 jellies
  A bullfrog skeleton (D:6)
  3 centaur skeletons
  2 gnoll shamans
  Terence (D:3)
  Jessica (D:3)
  Natasha (twice) (D:4)
  3 orc wizards (D:8)
  Ijyb (D:3)
  2 iguanas
  A killer bee zombie (D:5)
  A hound skeleton (D:5)
  10 adders
  A howler monkey skeleton (D:7)
  2 howler monkey zombies
  14 gnolls
  3 white imps
  An ufetubus (D:4)
  A worm (D:3)
  2 dart slugs (D:1)
  11 orcs
  6 endoplasms
  4 giant cockroaches
  5 goblins
  4 hobgoblins
  5 jackals
  4 quokkas
  4 ball pythons
  A bat (D:3)
  A frilled lizard (D:3)
  31 kobolds
  5 rats
341 creatures vanquished.

Vanquished Creatures (others)
  A vampire mosquito (D:10)
  13 fulminant prisms (D:10)
  63 fungi
  59 plants
136 creatures vanquished.

Grand Total: 477 creatures vanquished

Table legend:
 A = Non-vault XP
 B = Vault XP
 C = Vault XP percentage of total XP
 D = Non-vault monster count
 E = Vault monster count
 F = Vault count percentage of total count
                 A         B        C        D         E       F
            +---------+---------+-------+---------+---------+-------
      Total |   39221 |   12034 |  23.5 |     291 |      50 |  14.7
            +---------+---------+-------+---------+---------+-------
        D:1 |      34 |       0 |   0.0 |      19 |       0 |   0.0
        D:2 |      58 |       0 |   0.0 |      11 |       0 |   0.0
        D:3 |      50 |     110 |  68.8 |      13 |       3 |  18.8
        D:4 |     211 |      36 |  14.6 |      20 |       1 |   4.8
        D:5 |     778 |     421 |  35.1 |      21 |       2 |   8.7
        D:6 |     895 |      67 |   7.0 |      28 |       1 |   3.4
        D:7 |     702 |      57 |   7.5 |      13 |       1 |   7.1
        D:8 |    2843 |       0 |   0.0 |      20 |       0 |   0.0
        D:9 |     631 |       0 |   0.0 |      20 |       0 |   0.0
       D:10 |    2299 |    2093 |  47.7 |       9 |       5 |  35.7
     Lair:1 |    1649 |     973 |  37.1 |       9 |       2 |  18.2
     Lair:2 |    7714 |       0 |   0.0 |      26 |       0 |   0.0
     Lair:3 |    5448 |     872 |  13.8 |      29 |       5 |  14.7
     Lair:4 |    8869 |     917 |   9.4 |      32 |       1 |   3.0
     Lair:5 |    4263 |       0 |   0.0 |      15 |       0 |   0.0
     Lair:6 |    2777 |    6488 |  70.0 |       6 |      29 |  82.9
            +---------+---------+-------+---------+---------+-------

Illustrated notes

Table legend:
 A = Kills in this place as a percentage of kills in entire the game.
 B = Kills by you in this place as a percentage of kills by you in the entire game.
 C = Kills by friends in this place as a percentage of kills by friends in the entire game.
 D = Other kills in this place as a percentage of other kills in the entire game.
 E = Experience gained in this place as a percentage of experience gained in the entire game.
 F = Experience gained in this place divided by the number of levels of this place that you have seen.
                   A       B       C       D       E      F
               +-------+-------+-------+-------+-------+----------------------
         Total | 100.0 | 100.0 |   N/A |   N/A | 100.0 | 3203.4
       Dungeon |  54.8 |  54.8 |   N/A |   N/A |  22.0 | 1128.5
          Lair |  45.2 |  45.2 |   N/A |   N/A |  78.0 | 6661.7
               +-------+-------+-------+-------+-------+----------------------

Table legend: (Time is in decaauts)
 A = Elapsed time spent in this place.
 B = Non-inter-level travel time spent in this place.
 C = Inter-level travel time spent in this place.
 D = Time resting spent in this place.
 E = Time spent auto-exploring this place.
 F = Levels seen in this place.
 G = Mean time per level.
                   A        B        C        D        E       F      G
               +--------+--------+--------+--------+--------+-----+--------+
         Total |  24700 |  23866 |    834 |   4680 |  14870 |  16 | 1543.8 |
       Dungeon |  14187 |  13555 |    632 |   1787 |   9882 |  10 | 1418.7 |
          Lair |  10512 |  10310 |    202 |   2893 |   4988 |   6 | 1752.0 |
               +--------+--------+--------+--------+--------+-----+--------+

Top non-repeatable levels by time:
     D:5: 2432 daAuts
  Lair:4: 2293 daAuts
     D:8: 2253 daAuts
  Lair:6: 2191 daAuts
  Lair:3: 1940 daAuts
  Lair:1: 1927 daAuts
     D:9: 1473 daAuts
    D:10: 1468 daAuts
     D:1: 1434 daAuts
  Lair:2: 1368 daAuts
     D:7: 1254 daAuts
     D:6: 1120 daAuts
     D:4: 1042 daAuts
     D:3: 1038 daAuts
  Lair:5: 790 daAuts
